 Dungeon Crawl Stone Soup version 0.28-a0-224-g76b539d98b (webtiles) character file.

Game seed: 2559290051066570865

9156 Froggeryz the Slicer (level 11, -10/72 HPs)
             Began as an Octopode Brigand on Aug 21, 2021.
             Was an Initiate of Gozag.
             Killed by refrigeration
             ... invoked by Fannar
              (30 damage)
             ... on level 10 of the Dungeon.
             The game lasted 00:22:22 (18615 turns).

Froggeryz the Slicer (Octopode Brigand)            Turns: 18615, Time: 00:22:22

Health: -10/72     AC:  5    Str: 11    XL:     11   Next: 42%
Magic:  11/11      EV: 23    Int: 13    God:    Gozag
Gold:   1646       SH:  0    Dex: 17    Spells: 10/10 levels left

rFire   + . .      SeeInvis +   z - +2 dagger (venom)
rCold   . . .      Faith    .   (no shield)
rNeg    . . .      Spirit   .   (helmet restricted)
rPois   .          Reflect  .   (no amulet)
rElec   .          Harm     .   r - +4 ring of protection
rCorr   .          Rampage  .   q - ring of protection from fire
Will    .....                   w - +4 ring of evasion
Stlth   ++++++....              y - ring of see invisible
HPRegen 0.22/turn               (no ring)
MPRegen 0.12/turn               (no ring)
                                (no ring)
                                (no ring)

@: no status effects
A: almost no armour, amphibious, 8 rings, camouflage 1, gelatinous body 1,
(nimble swimmer 1), tentacles
a: Renounce Religion, Potion Petition, Call Merchant, Bribe Branch


You were on level 10 of the Dungeon.
You worshipped Gozag.
Gozag was most pleased with you.
You visited 2 branches of the dungeon, and saw 12 of its levels.

You collected 1722 gold pieces.
You paid 76 gold pieces to Gozag.

Inventory:

Hand Weapons
 m - a +3 vampiric dagger
 z - a +2 dagger of venom (weapon)
Missiles
 b - 38 poisoned darts (quivered)
 s - 15 boomerangs
 u - 8 javelins
 A - a curare-tipped dart
Armour
 D - a +0 buckler
Jewellery
 q - a ring of protection from fire (right tentacle)
 r - a +4 ring of protection (left tentacle)
 w - a +4 ring of evasion (on tentacle)
 y - a ring of see invisible (on tentacle)
Wands
 a - a wand of flame (36)
 c - a wand of iceblast (6)
 h - a wand of polymorph (5)
 v - a wand of digging (7)
 x - a wand of charming (2)
Scrolls
 f - 2 scrolls of immolation
 g - 4 scrolls of teleportation
 l - 4 scrolls of enchant armour
 p - a scroll of enchant weapon
 E - a scroll of summoning {unknown}
Potions
 d - a potion of mutation {unknown}
 e - a potion of haste
 j - 2 potions of cancellation {unknown}
 k - a potion of magic
 n - a potion of lignification
 o - a potion of ambrosia {unknown}
 t - 2 potions of berserk rage {unknown}
 B - a potion of flight {unknown}


   Skills:
 - Level 5.4 Fighting
 - Level 11.0 Short Blades
 - Level 5.1 Throwing
 - Level 10.0 Dodging
 + Level 10.4 Stealth
 * Level 0.0 Shields


You had 10 spell levels left.
You didn't know any spells.
Your spell library contained the following spells:

 Spells                   Type           Power      Damage    Failure   Level
 Corpse Rot               Necr/Air       N/A        N/A       43%         2
 Dispel Undead            Necr           0%         3d6       97%         4
 Fulminant Prism          Conj/Hex       0%         3d6       97%         4
 Iskenderun's Mystic Bla  Conj/Tloc      0%         2d3       97%         4
 Lee's Rapid Deconstruct  Erth           0%         3d5*      100%        5
 Death Channel            Necr           0%         N/A       100%        6


Dungeon Overview and Level Annotations

Branches:
Dungeon (11/15)            Temple (1/1) D:5            Lair (0/6) D:9
    Orc (0/2) D:10

Altars:
Ashenzari
Cheibriados
Dithmenos
Elyvilon
Fedhas
Gozag
Hepliaklqana
Kikubaaqudgha
Makhleb
Nemelex Xobeh
Okawaru
Qazlal
Ru
Sif Muna
Trog
Uskayaw
Vehumet
Wu Jian
Xom
Yredelemnul
Zin
The Shining One
Lugonu

Shops:
D:2 *

Annotations:
D:3 wiebster667's ghost, weakling MiFi
D:10 Fannar


Innate Abilities, Weirdness & Mutations

You cannot wear most types of armour.
You are amphibious.
You can wear up to eight rings at the same time.
Your skin changes colour to match your surroundings (Stealth+).
Your rubbery body absorbs attacks. (AC +1, EV +1)
((You are camouflaged near water. (Stealth+)))
You have tentacles for arms and can constrict up to eight enemies at once.


Message History

You hit the ice beast but do no damage.
The ice beast is poisoned.
You barely miss the ice beast. The ice beast closely misses you.
You closely miss the ice beast. You hit the ice beast.
The ice beast is lightly wounded.
The ice beast barely misses you.
You closely miss the ice beast. You squeeze the ice beast.
The ice beast is lightly wounded.
The ice beast barely misses you.
Fannar points at you and mumbles some strange words.
The bolt of cold hits you!!
* * * LOW HITPOINT WARNING * * *
Fannar gestures wildly while chanting.
Fannar blinks!
Throw: 39 darts (poison)
Press: ? - help, Q - select action, (/) - cycle Shift-Dir - straight line, f/p - Fannar
Aim: Fannar, wielding a staff of cold and wearing a +1 robe of cold resistance (almost dead, very poisoned, 48% to hit)
You throw a poisoned dart.
The poisoned dart closely misses Fannar.
The ice beast barely misses you.
Aiming: Iceblast
Press: ? - help, Shift-Dir - straight line, f/p - Fannar
Aim: Fannar, wielding a staff of cold and wearing a +1 robe of cold resistance (severely wounded, very poisoned)
The mass of ice explodes!
The iceblast engulfs Fannar!
Fannar partially resists.
Fannar is almost dead.
The ice beast hits you but does no damage.
Fannar gestures wildly while chanting.
Fannar blinks!
The ice beast misses you.
Aiming: Iceblast
Press: ? - help, Shift-Dir - straight line, p - Fannar The mass of ice explodes!
The iceblast engulfs Fannar.
Fannar partially resists.
Fannar is almost dead.
The ice beast misses you.
Fannar mumbles some strange words.
Fannar drains the heat from the surrounding environment!
You die...
Your body crumbles into a pile of gold.

.......#........# #..........
.......#........# #....(.....
.......+........# #..........
.......################...(......
...............##.....###e####...
##.............#.............#...
.#.............#........(....#...
.'.............#.)...........#...
.#.............#@............#...
)#.............♣♣Y..♣♣e......#...
.#.............♣.._..♣.......#...
.#.............♣.....♣.......#...
.#.............♣♣♣♣♣♣♣#####+##...
.'.....#######.........)....Y....
.#..<..#.....#.......().<........
.>.....'.....#.......(...........
.#.....#.....#......)............


You could see Fannar (very poisoned) and an ice beast (summoned, poisoned).

Vanquished Creatures
  A two-headed ogre (D:10)
  Sonja (D:10)
  A komodo dragon (D:8)
  A troll (D:10)
  Sigmund (D:4)
  10 yaks
  A steam dragon (D:7)
  4 vampire mosquitoes
  Menkaure (D:6)
  An acid dragon (D:10)
  6 water moccasins
  An ice beast (D:5)
  An orc warrior (D:8)
  2 black bears (D:9)
  2 sky beasts
  2 ogres
  3 centaurs
  A kobold brigand (D:10)
  2 gnoll sergeants
  4 bullfrogs
  4 scorpions
  A water moccasin skeleton (D:7)
  7 wights
  9 howler monkeys
  An electric eel (D:9)
  7 centaur zombies
  A bullfrog zombie (D:5)
  4 hounds
  A centaur skeleton (D:7)
  2 jellies
  6 orc priests
  An iguana (D:7)
  16 orc wizards
  A statue (D:4)
  2 killer bee zombies (D:9)
  A hound skeleton (D:4)
  A howler monkey zombie (D:9)
  13 gnolls
  4 adders
  2 shadow imps
  A white imp (D:5)
  2 ufetubi
  2 worms
  4 dart slugs
  45 orcs
  8 ball pythons
  5 endoplasms
  4 giant cockroaches
  7 goblins
  6 hobgoblins
  7 jackals
  8 kobolds
  5 quokkas
  10 bats
  A frilled lizard (D:1)
  8 rats
253 creatures vanquished.

Vanquished Creatures (collateral kills)
  A kobold (D:10)
1 creature vanquished.

Vanquished Creatures (others)
  An orc wizard (D:8)
  A kobold (D:10)
  41 fungi (D:9)
  48 plants
91 creatures vanquished.

Grand Total: 345 creatures vanquished

Notes
Turn   | Place    | Note
-------+----------+-------------------------------------------
     0 | D:1      | Froggeryz the Octopode Brigand began the quest for the Orb.
     0 | D:1      | Reached XP level 1. HP: 14/14 MP: 1/1
    31 | D:1      | Found a faded altar of an unknown god.
   217 | D:1      | Reached XP level 2. HP: 14/19 MP: 2/2
   536 | D:1      | Reached skill level 3 in Short Blades
   936 | D:1      | Reached XP level 3. HP: 20/24 MP: 3/3
  1345 | D:2      | Reached skill level 4 in Short Blades
  1345 | D:2      | Reached XP level 4. HP: 20/29 MP: 4/4
  1742 | D:2      | Found Jerav's General Store.
  1787 | D:2      | Reached skill level 5 in Short Blades
  1787 | D:2      | Reached XP level 5. HP: 18/34 MP: 5/5
  2363 | D:3      | Found an iron altar of Okawaru.
  3366 | D:3      | Found a basalt altar of Yredelemnul.
  3366 | D:3      | Found an ancient bone altar of Kikubaaqudgha.
  3369 | D:3      | Found a bloodstained altar of Trog.
  3391 | D:3      | Found a runed translucent gate.
  3391 | D:3      | Found a runed translucent gate.
  3439 | D:3      | Found an opulent altar of Gozag.
  3442 | D:3      | Found a runed translucent gate.
  3443 | D:3      | Noticed wiebster667's ghost (weakling MiFi)
  3443 | D:3      | Noticed an ogre
  3696 | D:4      | Noticed Sigmund
  3807 | D:4      | Reached skill level 6 in Short Blades
  3807 | D:4      | Reached XP level 6. HP: 35/39 MP: 6/6
  3911 | D:4      | Found a radiant altar of Vehumet.
  4708 | D:4      | Killed Sigmund
  4709 | D:4      | Reached skill level 7 in Short Blades
  4709 | D:4      | Reached XP level 7. HP: 34/45 MP: 7/7
  5105 | D:4      | Reached skill level 8 in Short Blades
  5341 | D:5      | Entered Level 5 of the Dungeon
  5346 | D:5      | Found a staircase to the Ecumenical Temple.
  5379 | Temple   | Entered the Ecumenical Temple
  6506 | D:3      | Became a worshipper of Gozag Ym Sagoz the Greedy
  6838 | D:5      | Reached skill level 9 in Short Blades
  6838 | D:5      | Reached XP level 8. HP: 43/50 MP: 8/8
  7489 | D:5      | Reached skill level 10 in Short Blades
  8115 | D:6      | Noticed Menkaure
  8292 | D:6      | Killed Menkaure
  8646 | D:6      | Found a snail-covered altar of Cheibriados.
  8650 | D:6      | Reached skill level 11 in Short Blades
  8684 | D:6      | Reached XP level 9. HP: 54/54 MP: 9/9
  8690 | D:6      | Found an opulent altar of Gozag.
  9128 | D:6      | Found a glowing silver altar of Zin.
  9462 | D:6      | Found a sparkling altar of Nemelex Xobeh.
  9771 | D:6      | Found a glowing golden altar of the Shining One.
  9954 | D:6      | Reached skill level 5 in Dodging
 10633 | D:7      | Found a shimmering blue altar of Sif Muna.
 11401 | D:7      | Noticed a cyclops
 11690 | D:7      | Reached skill level 5 in Throwing
 12499 | D:8      | Reached XP level 10. HP: 55/60 MP: 10/10
 15247 | D:9      | Found a staircase to the Lair.
 15299 | D:9      | Reached skill level 10 in Dodging
 15299 | D:9      | Reached XP level 11. HP: 63/64 MP: 11/11
 15507 | D:9      | Found a shadowy altar of Dithmenos.
 16197 | D:10     | Entered Level 10 of the Dungeon
 16483 | D:10     | Found a burning altar of Makhleb.
 17297 | D:10     | Found a staircase to the Orcish Mines.
 17312 | D:10     | Noticed Sonja
 17319 | D:10     | Killed Sonja
 17320 | D:10     | Reached skill level 10 in Stealth
 17326 | D:10     | Noticed a two-headed ogre
 17366 | D:10     | Killed a two-headed ogre
 17367 | D:10     | Reached skill level 5 in Fighting
 18242 | D:11     | Noticed Fannar
 18615 | D:10     | Killed from afar by Fannar

Illustrated notes

Levels and vault maps discovered:
D:1:      dpeg_arrival_tiny_k, layout_basic, ebering_ecumenical_altar_mist,
          chequers_serial_rivers_room_b, serial_bayou_lagoon_a
D:2:      layout_rooms, serial_shops, shop
D:3:      layout_loops_ring, okawaru_trees_1, minitemple, ebering_ghost_gozag,
          minmay_misc_feat_rows
D:4:      layout_loops_corners, vehumet_statue, uniq_sigmund
D:5:      layout_loops_ring, minmay_temple_entry_slanted
D:6:      layout_basic, mainiacjoe_overflow_two_lobes,
          mainiacjoe_overflow_alcove_2, mainiacjoe_overflow_24_doors,
          nicolae_overflow_hidden_temple, uniq_menkaure
D:7:      minmay_razor_zed, layout_layer_cave, nicolae_sif_muna_condensation
D:8:      layout_basic
D:9:      layout_basic, old_standard_altar, due_lair_maze_entry_diamond,
          lemuel_flamethrower_hall
D:10:     layout_gridville, mainiacjoe_overflow_alcove_1, orc_0_dummy,
          uniq_sonja
D:11:     layout_irregular_city, nicolae_trove_entry_path_of_doom,
          nicolae_tso_swordbearing_angel, uniq_fannar
Temple:   kb_corrupted_temple

Skill      XL: |  1  2  3  4  5  6  7  8  9 10 11 |
---------------+----------------------------------+-----
Short Blades   | 3 4 5 6 7 9 11 | 11.0
Dodging        | 6 10 | 10.0
Throwing       | 5 |  5.1
Stealth        | 9 10 | 10.4
Fighting       | 5 |  5.4

Action                   |  1- 3 |  4- 6 |  7- 9 | 10-12 || total
-------------------------+-------+-------+-------+-------++-------
Melee: Dagger            |    58 |   116 |   362 |   448 ||   984
       Constrict         |    13 |    22 |    60 |    44 ||   139
       Tentacles         |    10 |    19 |   106 |   127 ||   262
Throw: Dart              |       |    22 |    32 |    51 ||   105
Evoke: Wand              |       |       |    10 |    10 ||    20
  Use: Potion            |       |     1 |     3 |     1 ||     5
       Scroll            |       |       |    12 |     3 ||    15
 Stab: Sleeping          |    14 |     8 |     8 |    14 ||    44
       Distracted        |       |     3 |     1 |       ||     4
Armor: Skin              |       |     3 |    21 |    59 ||    83
Dodge: Dodged            |    23 |    61 |   165 |   313 ||   562

Table legend: (Time is in decaauts)
 A = Elapsed time spent in this place.
 B = Non-inter-level travel time spent in this place.
 C = Inter-level travel time spent in this place.
 D = Time resting spent in this place.
 E = Time spent auto-exploring this place.
 F = Levels seen in this place.
 G = Mean time per level.
                   A        B        C        D        E       F      G
               +--------+--------+--------+--------+--------+-----+--------+
         Total |  18168 |  17475 |    693 |   3520 |  11348 |  12 | 1514.0 |
       Dungeon |  17584 |  16910 |    674 |   3039 |  11292 |  11 | 1598.5 |
        Temple |    584 |    565 |     19 |    481 |     56 |   1 |  584.0 |
               +--------+--------+--------+--------+--------+-----+--------+

Top non-repeatable levels by time:
     D:7: 2242 daAuts
    D:10: 2047 daAuts
     D:5: 1995 daAuts
     D:8: 1968 daAuts
     D:9: 1692 daAuts
     D:3: 1675 daAuts
     D:6: 1662 daAuts
     D:4: 1643 daAuts
     D:2: 1399 daAuts
     D:1: 1236 daAuts
  Temple: 584 daAuts
    D:11: 21 daAuts
